AoeStats
← uselessplayer

Arabia

510183658Analyzed
2v2 RM · 18h ago on Sep 29, 2026· 68m 18s· 4 players
Game mode
Random Map
Map size
Medium (4 player)
Population
200
Speed
Normal
Resources
Standard
Victory
Conquest
Starting age
Dark Age
Ending age
Imperial Age
RankedLock teamsTeams togetherTeam positionsShared explorationLock speedFull tech treeHidden civsTurbo modeCheats
Victory
Defeat
🇦🇲 Khmer · Armenia
898
+31
🇫🇷 Mongols · France
853
+16
🇺🇸 Vikings · United States
1075
-49
🇮🇹 Jurchens · Italy
632
-7
sirbone
6:37 Loom
9:09 Feudal Age
10:01 Double-Bit Axe
10:33 Horse Collar
14:10 Town Watch
21:46 Castle Age
22:40 Castle Age
21:25 Scale Barding Armor
21:23 Scale Mail Armor
23:24 Squires
24:01 Chain Mail Armor
24:48 Forging
25:14 Bow Saw
25:52 Arson
27:17 Iron Casting
31:38 Heavy Plow
33:13 Fletching
33:40 Stone Mining
37:08 Ballistics
39:26 Imperial Age
36:59 Bodkin Arrow
36:41 Elite Skirmisher
38:12 Padded Archer Armor
38:44 Chieftains
39:38 Ballistics
40:38 Bracer
41:05 Conscription
41:59 Leather Archer Armor
41:26 Treadmill Crane
48:29 Pikeman
49:24 Elite Varangian Guard
52:26 Blast Furnace
51:31 Scale Barding Armor
51:43 Masonry
51:50 Gold Mining
54:11 Two-Man Saw
54:31 Plate Mail Armor
54:37 Elite Berserk
57:04 Hoardings
56:11 Man-at-Arms
57:12 Long Swordsman
58:03 Onager
61:49 Chain Barding Armor
62:00 Ring Archer Armor
65:02 Chemistry
ildemo
0:28 Loom
13:12 Feudal Age
15:11 Wheelbarrow
14:57 Horse Collar
15:05 Double-Bit Axe
23:01 Castle Age
20:47 Town Watch
29:10 Heavy Plow
30:30 Hand Cart
31:54 Bow Saw
32:11 Gold Mining
32:11 Stone Mining
33:06 Fortified Bastions
34:12 Elite Skirmisher
35:35 Husbandry
35:47 Bloodlines
37:19 Gold Shaft Mining
37:20 Stone Shaft Mining
42:07 Light Cavalry
46:16 Imperial Age
48:46 Thunderclap Bombs
48:57 Conscription
47:58 Elite Iron Pagoda
49:13 Hoardings
54:02 Chemistry
52:47 Treadmill Crane
53:00 Fletching
54:15 Heavy Rocket Cart
55:21 Guilds
54:44 Elite Steppe Lancer
65:59 Two-Man Saw
WTF_a_duck
9:19 Feudal Age
12:37 Castle Age
12:09 Loom
24:38 Double-Bit Axe
28:05 Bloodlines
32:51 Husbandry
34:47 Scale Barding Armor
38:07 Light Cavalry
41:44 Imperial Age
39:50 Wheelbarrow
42:35 Tusk Swords
42:37 Double Crossbow
44:16 Elite Battle Elephant
44:25 Heavy Scorpion
51:34 Chain Barding Armor
51:25 Forging
52:31 Hoardings
53:09 Hand Cart
53:32 Ballistics
uselessplayer
8:09 Loom
9:54 Feudal Age
12:00 Wheelbarrow
11:17 Double-Bit Axe
11:21 Horse Collar
13:15 Town Watch
13:45 Fletching
19:29 Wheelbarrow
21:34 Castle Age
22:10 Gold Mining
23:21 Bodkin Arrow
24:42 Bloodlines
24:32 Husbandry
26:15 Bow Saw
26:12 Heavy Plow
27:11 Padded Archer Armor
29:14 Leather Archer Armor
29:07 Thumb Ring
30:13 Ballistics
32:33 Scale Barding Armor
32:38 Forging
33:54 Light Cavalry
39:09 Imperial Age
37:43 Hand Cart
40:40 Bracer
41:43 Chemistry
44:47 Chain Barding Armor
45:08 Iron Casting
43:54 Hussar
45:17 Heavy Cavalry Archer
46:30 Parthian Tactics
48:35 Blast Furnace
53:23 Stone Mining
54:08 Gold Shaft Mining
54:15 Gold Shaft Mining
53:53 Masonry
56:37 Conscription
56:35 Herbal Medicine
58:13 Town Patrol
59:05 Conscription
58:19 Capped Ram
59:26 Siege Ram
61:05 Siege Engineers
62:47 Drill
Connection lost

Rejoining the realm…

Still unreachable

The connection could not be restored.

Session expired

The server has moved on; the page needs a fresh start.